 Dungeon Crawl Stone Soup version 0.31.0-1-g2c135a0 (webtiles) character file.

Game seed: 14991587844858981151

1250 NecromancerRaven the Cutter (level 8, 0/69 HPs)
             Began as a Red Draconian Berserker on Feb 13, 2024.
             Was a Priest of Trog.
             Succumbed to a water moccasin's poison
             ... on level 6 of the Dungeon.
             The game lasted 00:30:22 (6791 turns).

NecromancerRaven the Cutter (DrBe)                  Turns: 6791, Time: 00:30:23

Health: 0/69       AC:  6    Str: 27    XL:     8   Next: 26%
Magic:  1/8        EV: 13    Int:  9    God:    Trog [***...]
Gold:   62         SH:  0    Dex: 10    Spells: 7/7 levels left

rFire   + . .        i - +4 rapier
rCold   . . .        (no shield)
rNeg    . . .        (body armour unavailable)
rPois   .            (helmet currently unavailable)
rElec   .            w - melded scarf {repulsion}
rCorr   .            (gloves currently unavailable)
SInv    .            (boots currently unavailable)
Will    .....        l - amulet of guardian spirit
Stlth   ++           u - ring of flight
HPRegen 0.31/turn    A - +6 ring of strength
MPRegen 0.11/turn

%: guardian spirit
@: lethally poisoned (0 -> -5), beast-form, flying
A: beast (slay +1), breathe fire, AC +6, unfitting armour, fire resistance 1,
cold-blooded
a: Breathe Fire, Begin Untransformation, Renounce Religion, Berserk, Trog's Hand


You were on level 6 of the Dungeon.
You worshipped Trog.
Trog was most pleased with you.
You were a hulking beast.
You visited 1 branch of the dungeon, and saw 6 of its levels.

You collected 194 gold pieces.
You spent 132 gold pieces at shops.

Inventory:

Hand Weapons
 i - a +4 rapier (weapon)
 v - a +2 heavy flail
 B - a +0 sling
Missiles
 e - 15 poisoned darts (quivered)
 g - 13 stones
Armour
 w - a scarf of repulsion (melded)
Magical Staves
 m - a staff of air
Jewellery
 l - an amulet of guardian spirit (around neck)
 r - an amulet of the acrobat
 u - a ring of flight (left hand)
 A - a +6 ring of strength (right hand)
Talismans
 h - a beast talisman (active)
 t - a storm talisman
Wands
 z - a wand of flame (26)
Scrolls
 a - a scroll of poison {unknown}
 b - 2 scrolls of blinking {unknown}
 c - a scroll of summoning {unknown}
 f - a scroll of enchant armour {unknown}
 n - a scroll of fog {unknown}
 o - 2 scrolls of identify {unknown}
 s - 2 scrolls of immolation {unknown}
 y - a scroll of torment {unknown}
Potions
 d - a potion of haste {unknown}
 j - 2 potions of attraction {unknown}
 k - a potion of curing {unknown}
 p - a potion of enlightenment {unknown}
 q - a potion of lignification {unknown}
 x - a potion of heal wounds {unknown}


   Skills:
 + Level 5.6 Fighting
 + Level 5.8(6.4) Short Blades
 + Level 3.7(5.3) Long Blades
 + Level 4.3 Dodging
 + Level 2.8 Stealth
 + Level 3.3 Shapeshifting


You had 7 spell levels left.
You didn't know any spells.
Your spell library contained the following spells:

 Spells                   Type           Power      Damage    Failure   Level
 Apportation              Tloc           0%         N/A       38%         1
 Freeze                   Ice            0%         1d3       38%         1
 Necrotise                Necr           0%         1d4       38%         1
 Sting                    Conj/Alch      0%         1d3       38%         1
 Summon Small Mammal      Summ           0%         N/A       38%         1
 Jinxbite                 Hex            0%         N/A       52%         2
 Frozen Ramparts          Ice            0%         1d1       77%         3
 Hailstorm                Conj/Ice       0%         3d5       77%         3
 Vhi's Electric Charge    Tloc/Air       0%         N/A       99%         4
 Alistair's Intoxication  Alch           0%         N/A       100%        5
 Arcjolt                  Conj/Air       0%         1d10      100%        5
 Plasma Beam              Fire/Air       0%         2x1d10    100%        6


Dungeon Overview and Level Annotations

Branches:
Dungeon (6/15)
 Temple: D:4-7

Altars:
Yredelemnul

Shops:
D:4 [   D:5 *


Innate Abilities, Weirdness & Mutations

You are a hulking beast.
Your limbs bulge with bestial killing power. (Slay +1)
You can breathe blasts of fire.
Your fiery red scales are hard. (AC +6)
You cannot fit into any form of body armour.
Your flesh is heat resistant. (rF+)
You are cold-blooded and may be slowed by cold attacks.


Message History

You hit the orc priest but do no damage.
Your tail-slap misses the orc priest.
The orc priest is moderately wounded.
You feel sick. The water moccasin barely misses you.
The orc priest barely misses you. The water moccasin bites you.
You are more poisoned.
The water moccasin poisons you!
You hit the water moccasin.
The water moccasin is lightly wounded.
You feel very sick.
The orc priest hits you but does no damage.
The water moccasin bites you.
* * * LOW HITPOINT WARNING * * *
You closely miss the water moccasin.
The water moccasin is lightly wounded.
You feel very sick. The orc priest closely misses you.
The water moccasin bites you.
* * * LOW HITPOINT WARNING * * *
You barely miss the water moccasin.
The water moccasin is lightly wounded.
* * * LOW HITPOINT WARNING * * *
You feel very sick. The water moccasin bites you!
* * * LOW HITPOINT WARNING * * *
The orc priest hits you with a +0 club.
* * * LOW HITPOINT WARNING * * *
You puncture the water moccasin!
The water moccasin is heavily wounded.
* * * LOW HITPOINT WARNING * * *
You feel sick. The water moccasin barely misses you. The orc priest misses you.
The water moccasin barely misses you.
You barely miss the water moccasin.
The water moccasin is moderately wounded.
* * * LOW HITPOINT WARNING * * *
You feel sick. The orc priest barely misses you.
The water moccasin bites you but does no damage.
You hit the water moccasin.
You tail-slap the water moccasin, but do no damage.
The water moccasin is heavily wounded.
You die...

. #..... #### ... #...#
+####..##.....##...##.
.......+.......<.....
...... .............
#....# ...........#.
#####....##.....##....#
......S)o.#..... #...##
......)h).+.... .....
#..########... ....##
... .....


You could see a water moccasin and an orc priest.

Vanquished Creatures
  The ghost of ozjimbob the Gusty, an amateur DrAE (D:3)
  2 ice beasts
  4 ogres
  2 scorpions (D:5)
  A water moccasin skeleton (D:3)
  2 jellies (D:5)
  A centaur skeleton (D:3)
  A hound (D:5)
  2 orc priests
  An iguana (D:4)
  An orc wizard (D:5)
  A killer bee zombie (D:3)
  10 gnolls
  5 adders
  A white imp (D:5)
  An ufetubus (D:3)
  2 ribbon worms
  10 orcs
  7 endoplasms
  A giant cockroach (D:3)
  10 goblins
  9 hobgoblins
  2 jackals (D:4)
  5 kobolds
  2 quokkas
  9 ball pythons
  3 bats
  6 rats
102 creatures vanquished.

Notes
Turn   | Place    | Note
-------+----------+-------------------------------------------
     0 | D:1      | NecromancerRaven the Draconian Berserker began the quest
                  | for the Orb.
     0 | D:1      | Reached XP level 1. HP: 19/19 MP: 1/1
   209 | D:1      | Reached XP level 2. HP: 24/26 MP: 2/2
   930 | D:2      | Reached XP level 3. HP: 31/33 MP: 3/3
  1440 | D:2      | Reached XP level 4. HP: 26/40 MP: 4/4
  1485 | D:2      | Reached skill level 1 in Short Blades
  2144 | D:3      | Reached ** piety under Trog
  2145 | D:3      | Reached skill level 1 in Shapeshifting
  2178 | D:3      | Reached XP level 5. HP: 33/46 MP: 5/5
  2424 | D:3      | Found a basalt altar of Yredelemnul.
  2790 | D:3      | Noticed an ice beast
  2802 | D:3      | Killed an ice beast
  2913 | D:3      | Found a runed translucent gate.
  2913 | D:3      | Found a runed translucent gate.
  2913 | D:3      | Found a runed translucent gate.
  2921 | D:3      | Reached XP level 6. HP: 36/53 MP: 6/6
  3017 | D:3      | Noticed ozjimbob's ghost (amateur DrAE)
  3052 | D:3      | Killed ozjimbob's ghost
  3055 | D:3      | HP: 2/49 [centaur skeleton (2)]
  3058 | D:3      | Reached skill level 1 in Stealth
  4493 | D:4      | Found Teytol's Armour Shoppe.
  4920 | D:4      | Bought a scarf of repulsion for 132 gold pieces
  5089 | D:4      | Your scales start taking on a fiery red colour.
  5089 | D:4      | Reached XP level 7. HP: 60/60 MP: 7/7
  5089 | D:4      | Gained mutation: Your flesh is heat resistant. (rF+) [Red
                  | Draconian growth]
  5116 | D:4      | Reached skill level 5 in Fighting
  5791 | D:5      | Entered Level 5 of the Dungeon
  5947 | D:5      | Reached skill level 5 in Short Blades
  5948 | D:5      | Found Qokiz's General Store.
  6247 | D:5      | Reached XP level 8. HP: 49/69 MP: 8/8
  6767 | D:6      | Reached *** piety under Trog
  6789 | D:6      | HP: 2/69 [poisoned by a water moccasin]
  6791 | D:6      | Succumbed to a water moccasin's poison

Illustrated notes

Levels and vault maps discovered:
D:1:      beargit_arrival_greenhouse, layout_basic
D:2:      layout_loops_corners
D:3:      minmay_octagon_keep, layout_basic, yredelemnul_altar_generic,
          gammafunk_ghost_necromancy
D:4:      layout_gridville, serial_shops, shop
D:5:      layout_loops_ring, serial_shops, nicolae_take_the_stairs,
          minmay_ogre_servants
D:6:      layout_gridville, okawaru_altar_gauntlet_db,
          minmay_temple_entry_junction_2

Skill      XL: |  1  2  3  4  5  6  7 |
---------------+----------------------+-----
Dodging        | 3 4 |  4.3
Fighting       | 4 5 |  5.6
Short Blades   | 1 2 4 5 |  5.8
Shapeshifting  | 1 2 3 |  3.3
Stealth        | 1 2 |  2.8
Long Blades    | |  3.7

Action                     |  1- 3 |  4- 6 |  7- 9 || total
---------------------------+-------+-------+-------++-------
  Melee: Falchion          |    35 |       |       ||    35
         Tailslap          |     9 |    15 |    13 ||    37
         Rapier            |    35 |   147 |   100 ||   282
         Punch             |       |       |     2 ||     2
   Stab: Sleeping          |       |     2 |     1 ||     3
 Armour: Skin              |    37 |    91 |    58 ||   186
  Dodge: Dodged            |    41 |   105 |    60 ||   206
   Form: Beast             |     1 |     2 |     1 ||     4
                           |       |     3 |     1 ||     4
         Storm             |       |     1 |       ||     1
